AoeStats
← Lt_Reingebuttert

MegaRandom

508280558Analyzed
2v2 RM · 11d ago on Sep 21, 2026· 75m 10s· 4 players
Game mode
Random Map
Map size
Medium (4 player)
Population
200
Speed
Normal
Resources
Standard
Victory
Conquest
Starting age
Dark Age
Ending age
Imperial Age
RankedLock teamsTeams togetherTeam positionsShared explorationLock speedFull tech treeHidden civsTurbo modeCheats
Victory
Defeat
🇳🇴 Spanish · Norway
823
+13
🇳🇴 Celts · Norway
766
+16
🇩🇪 Khmer · Germany
776
-15
🇩🇪 Goths · Germany
738
-14
Kaos
11:21 Feudal Age
11:49 Double-Bit Axe
11:46 Horse Collar
16:04 Loom
21:07 Castle Age
20:57 Bloodlines
22:20 Heavy Plow
22:39 Bow Saw
23:02 Scale Barding Armor
23:42 Gold Mining
27:50 Wheelbarrow
29:21 Chain Barding Armor
29:41 Husbandry
33:54 Forging
35:43 Iron Casting
34:59 Fletching
35:10 Padded Archer Armor
39:26 Imperial Age
37:12 Hand Cart
37:46 Ballistics
37:23 Murder Holes
37:40 Fortified Wall
39:19 Leather Archer Armor
41:17 Chemistry
40:43 Conscription
40:46 Supremacy
39:58 Elite Conquistador
41:54 Two-Man Saw
40:58 Gold Mining
43:12 Cavalier
44:58 Paladin
50:48 Plate Barding Armor
51:14 Blast Furnace
50:10 Bodkin Arrow
50:45 Ring Archer Armor
53:54 Onager
54:20 Onager
55:42 Bracer
59:20 Town Watch
Lænsmannj
10:42 Feudal Age
11:41 Double-Bit Axe
14:14 Horse Collar
14:31 Gold Mining
17:13 Fishing Lines
22:15 Castle Age
19:53 Man-at-Arms
23:06 Bow Saw
23:14 Heavy Plow
23:17 Scale Mail Armor
23:28 Forging
23:11 Long Swordsman
23:38 Gambesons
23:40 Arson
25:03 Gold Shaft Mining
24:36 Gillnets
25:35 Wheelbarrow
26:54 Chain Mail Armor
26:53 Forging
29:23 Imperial Age
26:44 Loom
28:27 Crossbowman
29:54 Stone Mining
29:42 Two-Handed Swordsman
30:37 Pikeman
35:00 Hand Cart
35:28 Iron Casting
35:08 Chain Mail Armor
34:45 Fletching
35:38 Padded Archer Armor
35:42 Onager
36:49 Medium Warships
37:10 Ballistics
37:58 Conscription
37:31 Stronghold
37:41 Treadmill Crane
39:39 Sanctity
39:36 Furor Celtica
41:48 Hoardings
40:44 Pikeman
41:55 Heavy Warships
41:19 Halberdier
41:58 Town Watch
43:29 Plate Mail Armor
44:00 Blast Furnace
42:56 Bodkin Arrow
42:39 Capped Ram
46:40 Champion
48:12 Elite Woad Raider
49:33 Siege Onager
50:05 Sappers
52:26 Siege Ram
54:52 Scale Barding Armor
55:02 Leather Archer Armor
55:40 Stone Shaft Mining
60:50 Siege Engineers
61:47 Chemistry
60:44 Murder Holes
75:29 Chain Barding Armor
75:40 Ring Archer Armor
Prinz_Butterbirne1312
17:10 Feudal Age
18:25 Double-Bit Axe
18:04 Man-at-Arms
22:02 Horse Collar
24:55 Castle Age
24:43 Forging
25:07 Long Swordsman
26:27 Iron Casting
26:24 Heavy Plow
27:32 Scale Mail Armor
35:05 Chain Mail Armor
39:02 Imperial Age
36:30 Gold Mining
36:32 Stone Mining
39:47 Scale Barding Armor
40:09 Bow Saw
42:03 Chain Barding Armor
42:47 Blast Furnace
41:55 Two-Handed Swordsman
43:51 Two-Man Saw
42:52 Cavalier
46:19 Champion
51:48 Conscription
51:34 Perfusion
52:09 Conscription
51:20 Pikeman
52:23 Halberdier
58:06 Squires
Lt_Reingebuttert
14:36 Feudal Age
21:00 Castle Age
20:32 Gold Mining
20:25 Horse Collar
21:52 Double-Bit Axe
23:37 Gold Shaft Mining
28:40 Imperial Age
26:47 Bow Saw
28:37 Heavy Plow
30:56 Husbandry
30:17 Cavalier
32:04 Wheelbarrow
32:51 Crop Rotation
32:37 Scale Barding Armor
33:42 Chain Barding Armor
36:32 Plate Barding Armor
37:56 Hand Cart
38:25 Parthian Tactics
39:37 Caravan
40:55 Heavy Cavalry Archer
46:08 Elite Battle Elephant
46:15 Heavy Scorpion
52:54 Double Crossbow
53:41 Pikeman
54:09 Arson
54:31 Halberdier
62:11 Ballistics
62:51 Chemistry
66:30 Elite Skirmisher
Connection lost

Rejoining the realm…

Still unreachable

The connection could not be restored.

Session expired

The server has moved on; the page needs a fresh start.